 Dungeon Crawl Stone Soup version 0.16-a0-223-g37887f7 (webtiles) character file.

30442 MDvedh the Warrior (level 13, -11/128 HPs)
             Began as a Minotaur Wanderer on Aug 20, 2014.
             Was a High Priest of Qazlal.
             Killed from afar by a lindwurm (34 damage)
             ... with a blast of flame
             ... on Level 6 of the Lair of Beasts.
             The game lasted 00:43:58 (16864 turns).

MDvedh the Warrior (Minotaur Wanderer)             Turns: 16864, Time: 00:43:58

HP -11/128       AC 23     Str 18 (20) XL: 13   Next: 20%
MP  20/20        EV  9     Int  9      God: Qazlal [*****.]
Gold 1040        SH  7     Dex 12      Spells:  0 memorised, 14 levels left

rFire  . . .     SeeInvis .     k - +3 whip (slash)
rCold  . . .     Clarity  .     v - +1 plate armour
rNeg   . . .     rCorr    .     (no shield)
rPois  +         rRot     .     (helmet restricted)
rElec  .         Spirit   .     g - +0 cloak
SustAb .         Warding  .     I - +0 pair of gloves
rMut   +         Stasis   .     (no boots)
Gourm  .                        x - amulet of resist mutation
MR     .....                    a - +3 ring of evasion
                                (no ring)

@: protected from physical damage, repel missiles, not resistant to hostile
enchantments, extremely unstealthy
A: retaliatory headbutt, horns 2, deterioration 1, poison resistance, wild magic
1
a: Upheaval, Elemental Force, Disaster Area, Renounce Religion


You were on level 6 of the Lair of Beasts.
You worshipped Qazlal.
Qazlal was extremely pleased with you.
You were hungry.

You visited 2 branches of the dungeon, and saw 15 of its levels.
You also visited: Volcano.

You collected 1040 gold pieces.

Inventory:

Hand weapons
 d - a +0 mace
 k - a +3 whip of slashing (weapon)
 z - a +0 flail
Missiles
 p - 2 javelins (quivered)
Armour
 g - a +0 cloak (worn)
 v - a +1 plate armour (worn)
 I - a +0 pair of gloves (worn)
Magical devices
 h - a wand of magic darts (5)
 N - a wand of lightning (3)
 R - a wand of hasting (3)
 T - a wand of digging (9)
Comestibles
 f - 5 bread rations
 q - 13 meat rations
 s - 29 fruits
 t - 11 beef jerkies
Scrolls
 i - 5 scrolls of identify
 j - 2 scrolls of fear
 n - a scroll of remove curse
 u - 2 scrolls of magic mapping
 B - a scroll of teleportation
 G - a scroll of recharging
 S - a scroll of amnesia
Jewellery
 a - a +3 ring of evasion (right hand)
 w - an uncursed ring of wizardry
 x - an amulet of resist mutation (around neck)
 y - an uncursed ring of poison resistance
Potions
 b - 7 potions of curing
 c - a potion of lignification
 e - a potion of confusion
 m - 3 potions of agility
 r - 4 potions of berserk rage
 C - 2 potions of magic
 F - a potion of might
 J - a potion of cancellation
 P - a potion of resistance {unknown}
Books
 M - a book of Envenomations

   Spells                             Type                      Level
   Spider Form                        Transmutation/Poison         3
   Alistair's Intoxication            Transmutation/Poison         4
   Olgreb's Toxic Radiance            Poison                       4
   Poisonous Cloud                    Conjuration/Poison/Air       6


   Skills:
 + Level 15.7 Fighting
 - Level 13.0 Maces & Flails
 + Level 13.5 Armour
 - Level 1.1 Dodging
 - Level 1.0 Stealth
   Level 2.4 Shields
 - Level 1.3 Spellcasting
   Level 2.1 Fire Magic
 - Level 7.9 Invocations


You had 14 spell levels left.
You didn't know any spells.

Dungeon Overview and Level Annotations

Branches:
Dungeon (9/15)             Temple (0/1) D:4            Lair (6/8) D:9
 Shoals (0/5) Lair:4       Spider (0/5) Lair:5
    Orc: D:9-12       Slime: Lair:6-8

Altars:
Kikubaaqudgha
Okawaru
Qazlal
Yredelemnul
Zin
The Shining One


Innate Abilities, Weirdness & Mutations

You reflexively headbutt those who attack you in melee.
You have a pair of horns on your head.
Your body is slowly deteriorating.
Your system is resistant to poisons.
Your spells are a little harder to cast, but a little more powerful.


Message History

Unknown command.
Drink which item? (? for menu, Esc to quit)
You feel better. You block the blink frog's attack.
You hear a grinding noise.
The lindwurm breathes flames at you. The blast of flame hits you!
* * * LOW HITPOINT WARNING * * *
Unknown command.
You hit the lindwurm but do no damage. You headbutt the lindwurm!
The lindwurm is lightly wounded.
You block the blink frog's attack.
Unknown command.
You hit the lindwurm but do no damage.
The lindwurm is lightly wounded.
You block the blink frog's attack.
You completely miss the lindwurm.
The lindwurm is lightly wounded.
The lindwurm breathes flames at you. The blast of flame hits you!
You die...

.........###..#.#
#.#.#..P ##..###
...)..###P...P#
#.#..##......##
.....#.......## ##
.
....P....#%##.P##.#
#.....%§§#.........
...####.§....###...
.. ##@k%.##
#..F#.§.#
#.F.......... ...
#.###....PP.#
.#.... .. $...#..(.
..... . #..#..###.
#...§ #####.. #....
#. #####....
......F..


You could see a lindwurm and 2 blink frogs.

Vanquished Creatures
  An anaconda (Lair:6)
  Erolcha (D:8)
  An orb spider (Lair:5)
  A griffon (Lair:6)
  3 toenail golems (Volcano)
  8 elephants
  Joseph (D:7)
  9 black mambas
  The ghost of hackum the Shield-Bearer, an experienced FoFi (D:5)
  A centaur skeleton (D:9)
  5 spiny frogs
  Psyche (D:8)
  A fire drake (Lair:5)
  5 komodo dragons
  A basilisk (Lair:6)
  10 blink frogs
  An air elemental (Lair:1)
  A water elemental (Lair:4)
  A wyvern (Lair:6)
  20 yaks
  4 hippogriffs
  Eustachio (D:4)
  6 humans (Volcano)
  Grum (D:9)
  A steam dragon (Lair:6)
  2 fire elementals
  7 wolves
  2 hill giant skeletons
  17 water moccasins
  A phantom (D:9)
  3 porcupines
  4 ice beasts
  11 ogres
  5 sky beasts
  2 black bears
  An orc warrior (D:8)
  A yellow wasp (D:9)
  Duvessa (D:8)
  4 centaurs
  9 crocodiles
  A gnoll sergeant (D:7)
  Blork the orc (D:8)
  17 giant frogs
  4 scorpions
  2 electric eels
  6 killer bees (D:9)
  A giant frog zombie (D:5)
  3 goliath beetles
  Dowan (D:8)
  3 crimson imps
  5 hounds
  8 iguanas
  3 orc priests
  A jelly (D:5)
  6 orc wizards
  5 worker ants
  7 sheep
  Ijyb (D:3)
  6 gnolls (D:7)
  41 green rats
  4 giant mites
  A scorpion zombie (D:5)
  2 orc skeletons
  2 shadow imps
  11 adders
  4 worms
  7 giant geckos
  An ooze (D:4)
  12 orcs
  6 ball pythons
  17 bats
  A bat skeleton (D:6)
  7 giant cockroaches
  11 hobgoblins
  17 quokkas
  A giant gecko skeleton (D:7)
  5 giant newts
  2 gnoll zombies (D:7)
  24 goblins
  A hobgoblin skeleton (D:5)
  14 jackals
  18 kobolds
  An orc zombie (D:5)
  A quokka skeleton (D:7)
  A quokka zombie (D:5)
  24 rats
  A rat skeleton (D:8)
  A rat zombie (D:5)
  14 fungi
  8 plants
497 creatures vanquished.

Vanquished Creatures (collateral kills)
  2 elephants (Lair:1)
  3 blink frogs (Lair:4)
  3 yaks (Lair:1)
8 creatures vanquished.

Vanquished Creatures (others)
  2 water elementals (Lair:1)
2 creatures vanquished.

Grand Total: 507 creatures vanquished

Notes
Turn   | Place    | Note
--------------------------------------------------------------
     0 | D:1      | MDvedh, the Minotaur Wanderer, began the quest for the Orb.
     0 | D:1      | Reached XP level 1. HP: 16/16 MP: 2/2
    62 | D:1      | Reached skill level 1 in Maces & Flails
   320 | D:1      | Reached XP level 2. HP: 23/23 MP: 2/2
   868 | D:1      | Reached skill level 3 in Maces & Flails
  1392 | D:1      | Reached XP level 3. HP: 28/28 MP: 3/3
  1871 | D:2      | Reached skill level 4 in Maces & Flails
  1888 | D:2      | Gained mutation: Your spells are a little harder to cast, but a little more powerful. [potion of mutation]
  1888 | D:2      | Gained mutation: Your body is slowly deteriorating. [potion of mutation]
  1888 | D:2      | Gained mutation: Your system is resistant to poisons. [potion of mutation]
  1988 | D:2      | Noticed a fire elemental
  1994 | D:2      | Found a stormy altar of Qazlal.
  1995 | D:2      | Noticed an earth elemental
  1995 | D:2      | Noticed an air elemental
  1995 | D:2      | Noticed a water elemental
  2026 | D:2      | Became a worshipper of Qazlal Stormbringer
  2195 | D:2      | Reached XP level 4. HP: 32/35 MP: 4/4
  2302 | D:3      | Found an iron altar of Okawaru.
  2380 | D:3      | Reached skill level 5 in Maces & Flails
  2413 | D:3      | Reached XP level 5. HP: 11/40 MP: 4/4
  2702 | D:3      | Noticed Ijyb
  2721 | D:3      | Killed Ijyb
  2756 | D:3      | Reached skill level 6 in Maces & Flails
  2766 | D:3      | Acquired Qazlal's first power
  3500 | D:4      | Reached skill level 7 in Maces & Flails
  3527 | D:4      | Reached XP level 6. HP: 39/47 MP: 5/5
  3704 | D:4      | Found a staircase to the Ecumenical Temple.
  3801 | D:4      | Noticed Eustachio
  3829 | D:4      | Killed Eustachio
  3829 | D:4      | Acquired Qazlal's second power
  3829 | D:4      | Reached skill level 8 in Maces & Flails
  4046 | D:4      | Reached XP level 7. HP: 30/52 MP: 6/6
  4209 | D:5      | Entered Level 5 of the Dungeon
  4267 | D:5      | Noticed hackum's ghost (experienced FoFi)
  4555 | D:5      | Reached skill level 9 in Maces & Flails
  5247 | D:5      | Reached skill level 10 in Maces & Flails
  5301 | D:5      | Killed hackum's ghost
  5301 | D:5      | Reached skill level 11 in Maces & Flails
  5301 | D:5      | Reached XP level 8. HP: 30/59 MP: 2/6
  5695 | D:5      | Found a glowing silver altar of Zin.
  5695 | D:5      | Noticed an angel
  6121 | D:6      | Reached skill level 12 in Maces & Flails
  6508 | D:6      | Acquired Qazlal's third power
  7556 | D:7      | Reached skill level 13 in Maces & Flails
  7697 | D:7      | Reached XP level 9. HP: 53/64 MP: 7/7
  7849 | D:7      | Noticed Joseph
  7852 | D:7      | Found a basalt altar of Yredelemnul.
  7869 | D:7      | Killed Joseph
  7869 | D:7      | Reached skill level 5 in Armour
  8044 | D:7      | Acquired Qazlal's fourth power
  8624 | D:7      | Found a glowing silver altar of Zin.
  8625 | D:7      | Noticed an angel
  8664 | D:8      | Noticed Erolcha
  8679 | D:8      | Killed Erolcha
  8839 | D:8      | Noticed Blork the orc
  8851 | D:8      | Killed Blork the orc
  8851 | D:8      | Reached skill level 10 in Armour
  8862 | D:8      | Noticed Psyche
  8864 | D:8      | Reached skill level 1 in Invocations
  8884 | D:8      | Killed Psyche
  8884 | D:8      | Reached XP level 10. HP: 67/71 MP: 7/9
  9120 | D:8      | Noticed Duvessa
  9123 | D:8      | Noticed Dowan
  9132 | D:8      | Killed Duvessa
  9141 | D:8      | Killed Dowan
  9345 | D:8      | Reached skill level 5 in Invocations
  9367 | D:8      | Found an iron altar of Okawaru.
  9786 | D:9      | Got a warped ring mail
  9792 | D:9      | Identified the +1 ring mail of Vexation {Dex+4 Int+3} (You found it on level 9 of the Dungeon)
  9822 | D:9      | Found an ancient bone altar of Kikubaaqudgha.
  9857 | D:9      | Noticed Grum
  9869 | D:9      | Killed Grum
 10326 | D:9      | Found a glowing golden altar of the Shining One.
 10350 | D:9      | Found a staircase to the Lair.
 10461 | D:9      | Reached skill level 5 in Fighting
 10514 | D:9      | Acquired Qazlal's fifth power
 10673 | Lair:1   | Entered Level 1 of the Lair of Beasts
 10704 | Lair:1   | Reached XP level 11. HP: 67/91 MP: 18/18
 10988 | Lair:1   | Reached skill level 10 in Fighting
 11213 | Lair:1   | Identified the Handbook of Conjuration and Necromancy
 13229 | Lair:3   | Reached XP level 12. HP: 107/115 MP: 20/20
 14115 | Lair:4   | Found a staircase to the Shoals.
 14745 | Lair:5   | Found a dark tunnel.
 14878 | Volcano  | Entered a volcano
 14891 | Volcano  | Reached skill level 14 in Fighting
 15385 | Lair:5   | Found a hole to the Spider Nest.
 16071 | Lair:6   | Reached skill level 15 in Fighting
 16215 | Lair:6   | Reached XP level 13. HP: 33/127 MP: 20/20
 16790 | Lair:6   | Noticed an anaconda
 16802 | Lair:6   | Killed an anaconda
 16864 | Lair:6   | Killed from afar by a lindwurm

Action                   |  1- 3 |  4- 6 |  7- 9 | 10-12 | 13-15 || total
-------------------------+-------+-------+-------+-------+-------++-------
Melee: Club              |   131 |   311 |   110 |       |       ||   552
       Long sword        |    29 |    12 |       |       |       ||    41
       Mace              |       |       |    41 |       |       ||    41
       Flail             |       |       |   155 |       |       ||   155
       Whip              |       |       |   207 |  1274 |   129 ||  1610
Throw: Javelin           |       |       |     1 |     2 |       ||     3
Invok: Upheaval          |       |       |     1 |       |       ||     1
       Elemental Force   |       |       |       |     4 |       ||     4
Evoke: Wand              |       |     1 |     1 |     6 |       ||     8
  Use: Scroll            |     8 |     5 |     6 |    11 |       ||    30
       Potion            |     1 |     3 |     3 |       |     4 ||    11
  Eat: Chunk             |     4 |     7 |     7 |    10 |       ||    28
       Royal jelly       |       |       |     1 |       |       ||     1
       Bread ration      |       |       |     1 |     3 |       ||     4
       Beef jerky        |       |       |     1 |       |       ||     1
       Fruit             |       |       |       |     2 |     1 ||     3
